 Dungeon Crawl Stone Soup version 0.28.0-1-gb440e238dd (webtiles) character file.

Game seed: 7622850618382126576

78 Zeld the Cudgeller (level 4, -2/28 HPs)
             Began as a Gargoyle Monk on Feb 26, 2022.
             Frozen to death by an endoplasm (4 damage)
             ... on level 2 of the Dungeon.
             The game lasted 00:02:38 (1943 turns).

Zeld the Cudgeller (Gargoyle Monk)                  Turns: 1943, Time: 00:02:39

Health: -2/28      AC:  5    Str: 14    XL:     4   Next: 36%
Magic:  5/5        EV: 12    Int: 13    God:
Gold:   63         SH:  0    Dex: 12    Spells: 4/4 levels left

rFire   . . .      SeeInvis .   a - +0 mace
rCold   . . .      Faith    .   (no shield)
rNeg    + . .      Spirit   .   b - +0 robe
rPois   ∞          Reflect  .   (no helmet)
rElec   +          Harm     .   (no cloak)
rCorr   .          Rampage  .   (no gloves)
Will    .....                   (no boots)
Stlth   ++........              (no amulet)
HPRegen 0.09/turn               (no ring)
MPRegen 0.09/turn               (no ring)

@: no status effects
A: sickness immunity, AC +3, negative energy resistance 1, electricity
resistance, torment resistance 1, petrification resistance
a: no special abilities


You were on level 2 of the Dungeon.
You visited 1 branch of the dungeon, and saw 3 of its levels.

You collected 63 gold pieces.

Inventory:

Hand Weapons
 a - a +0 mace (weapon)
Missiles
 d - 29 stones
Armour
 b - a +0 robe (worn)
Scrolls
 e - 3 scrolls of vulnerability {unknown}
 g - a scroll of enchant weapon {unknown}
Potions
 c - a potion of experience {unknown}
 f - a potion of resistance {unknown}
 h - a potion of curing {unknown}
 i - a potion of mutation {unknown}


   Skills:
 + Level 3.6 Fighting
 * Level 3.7 Maces & Flails
 + Level 2.6 Dodging
 + Level 2.8 Stealth
 + Level 0.8 Spellcasting
 * Level 2.0 Earth Magic


You had 4 spell levels left.
You didn't know any spells.
Your spell library contained the following spells:

 Spells                   Type           Power      Damage    Failure   Level
 Tukima's Dance           Hex            0%         N/A       65%         3
 Anguish                  Hex/Necr       0%         N/A       96%         4
 Enfeeble                 Hex            0%         N/A       100%        7


Dungeon Overview and Level Annotations

Branches:
Dungeon (3/15)

Altars:


Innate Abilities, Weirdness & Mutations

You are immune to sickness and miasma.
Your stone body is resilient. (AC +3)
You are immune to poison.
You resist negative energy. (rN+)
You are resistant to electric shocks. (rElec)
You are resistant to unholy torment.
You are immune to petrification.


Message History

You escape the ball python's grasp.
The ball python bites you but does no damage.
The ball python closely misses you.
There is a stone staircase leading down here.
The ball python barely misses you. The ball python grabs you.
You stop descending the stairs.
The ball python constricts you.
* * * LOW HITPOINT WARNING * * *
The ball python's grasp on you weakens, but your attempt to escape fails.
The ball python closely misses you. The ball python constricts you.
You escape the ball python's grasp.
The ball python barely misses you. The ball python closely misses you.
You climb downwards.
There is a stone staircase leading up here.
You barely miss the ball python.
The ball python bites you but does no damage.
The ball python barely misses you.
The adder zombie bites you but does no damage.
The ball python closely misses you. The ball python grabs you.
You stop ascending the stairs.
The ball python constricts you.
* * * LOW HITPOINT WARNING * * *
The adder zombie bites you but does no damage.
Unknown command.
You escape the ball python's grasp.
The ball python bites you but does no damage.
The ball python grabs you.
You stop ascending the stairs.
The ball python constricts you.
* * * LOW HITPOINT WARNING * * *
The adder zombie bites you.
* * * LOW HITPOINT WARNING * * *
Unknown command.
You escape the ball python's grasp.
The adder zombie misses you.
The adder zombie bites the withered plant.
The withered plant begins to crumble.
The ball python barely misses you. The ball python closely misses you.
You climb upwards.
The endoplasm closely misses you. The endoplasm barely misses you.
There is a stone staircase leading down here.
The endoplasm freezes you.
You are frozen.
You die...

#..##$...$...)##........
#...##†# ####.........
#.#..#.## ##.#...##.#.##
#.......# #....#....#.#.
#......## ##............
#÷......###.).....#.#.#.
#........#........#.#.#.
#.................#.#.##
#######@#.........#...##
#####SJ.........'.....
#...#.#.........######
#...#.#(#########
#...#.#....#
#.....#..#+######## ##
#.....#...........# #.
##....#...........# #.
#....#...........# #.


You could see an endoplasm and a ball python.

Vanquished Creatures
  Jessica (D:2)
  A gnoll (D:1)
  An adder (D:2)
  3 dart slugs (D:1)
  An endoplasm (D:1)
  A giant cockroach (D:1)
  3 goblins
  2 hobgoblins (D:1)
  2 kobolds (D:1)
  A quokka (D:1)
  5 ball pythons
  2 frilled lizards
  5 rats
28 creatures vanquished.

Notes
Turn   | Place    | Note
-------+----------+-------------------------------------------
     0 | D:1      | Zeld the Gargoyle Monk began the quest for the Orb.
     0 | D:1      | Reached XP level 1. HP: 14/14 MP: 1/1
   192 | D:1      | Reached XP level 2. HP: 14/19 MP: 2/2
   499 | D:1      | Reached skill level 1 in Earth Magic
   819 | D:1      | Reached XP level 3. HP: 23/23 MP: 3/3
  1344 | D:2      | Noticed Jessica
  1363 | D:2      | Killed Jessica
  1364 | D:2      | Reached XP level 4. HP: 12/28 MP: 3/5
  1943 | D:2      | Frozen to death by an endoplasm

Illustrated notes

Levels and vault maps discovered:
D:1:      dpeg_arrival_three_smaller_balls, layout_loops_corners
D:2:      layout_basic, minmay_fractal_squares_gapless_5, uniq_jessica
D:3:      layout_loops_corners, kennysheep_ying_yang,
          nicolae_qazlal_scattered_showers, overflow_temple_1_default,
          nicolae_ru_the_path_less_chosen, gammafunk_ghost_grave, serial_undead,
          serial_undead_d, serial_undead_e, serial_undead_f, serial_undead_d,
          chequers_serial_rivers_small_b

Skill      XL: |  1  2  3  4 |
---------------+-------------+-----
Earth Magic    | 1 2 |  2.0
Fighting       | |  3.6
Maces & Flails | |  3.7
Dodging        | |  2.6
Stealth        | |  2.8
Spellcasting   | |  0.8

Action                   |  1- 3 |  4- 6 || total
-------------------------+-------+-------++-------
Melee: Mace              |    63 |    37 ||   100
       Punch             |     1 |       ||     1
 Stab: Sleeping          |     5 |     2 ||     7
Armor: Robe              |    17 |    23 ||    40
Dodge: Dodged            |    48 |    37 ||    85
